 Dungeon Crawl Stone Soup version 0.31-a0-662-g684573625c (webtiles) character file.

Game seed: 17035482224556141669

3009482 octothorp the Cryomancer (level 27, 255/260 HPs)
             Began as a Naga Ice Elementalist on Aug 30, 2023.
             Was the Champion of Cheibriados.
             Escaped with the Orb
             ... and 5 runes on Aug 31, 2023!
             The game lasted 12:17:16 (76941 turns).

octothorp the Cryomancer (Naga Ice Elementalist)   Turns: 76941, Time: 12:17:17

Health: 255/260    AC: 55    Str: 28    XL:     27
Magic:  37/37      EV: 12    Int: 44    God:    Cheibriados [******]
Gold:   4318       SH:  0    Dex: 22    Spells: 5/56 levels left

rFire   + . .        a - +9 demon trident (vamp)
rCold   . . .        U - orb {*channel}
rNeg    + + .        R - +7 chain mail "Zapraw" {+Blink rElec Will+ Slay+6}
rPois   +            z - +2 helmet {Int+3}
rElec   +            t - +4 dragonskin cloak
rCorr   .            o - +2 pair of gloves {Str+3}
SInv    +            j - +4 barding
Will    ++++.        O - amulet of the acrobat
Stlth   +            X - ring of Jugrav {rElec rPois rN+ AC+4}
HPRegen 1.43/turn    I - ring of the Dolphin {rElec rF+ rN+ Dex-5}
MPRegen 0.25/turn

%: acrobat, channel magic (20%)
@: studying 2 skills, very slow
A: AC +9, large, see invisible, deformed body, poison resistance, slowness 2,
spit poison 1, naga tail 2, stinger 1, iridescent scales 1, clumsy 1,
deterioration 1, low MP 1, regeneration 1, screaming 1, weak 1, MP-powered wands
0: Orb of Zot
}: 5/15 runes: decaying, slimy, silver, abyssal, gossamer
a: Spit Poison, Renounce Religion, Evoke Blink, Bend Time, Temporal Distortion,
Slouch, Step From Time


You escaped.
You worshipped Cheibriados.
Cheibriados was exalted by your worship.
You visited 13 branches of the dungeon, and saw 57 of its levels.
You visited the Abyss 1 time.
You also visited: Bailey, Ice Cave, Volcano and Desolation.

You collected 6677 gold pieces.
You spent 2359 gold pieces at shops.

Inventory:

Hand Weapons
 a - a +9 vampiric demon trident (weapon)
Missiles
 k - 4 throwing nets
 C - 17 curare-tipped darts
Armour
 j - a +4 barding (worn)
 o - a +2 pair of gloves of strength (worn)
 t - the +4 dragonskin cloak (worn)
   (You took it off Tiamat on level 4 of the Realm of Zot)

   Avatar's Aegis: It grants the wearer a chance to resist fire, cold, poison,
   electricity, acid, and negative energy.
 z - a +2 helmet of intelligence (worn)
 R - the +7 chain mail "Zapraw" (worn) {+Blink rElec Will+ Slay+6}
   (You bought it in a shop on level 1 of the Vaults)

   Slay+6:    It affects your accuracy & damage with ranged weapons and melee
   (+6).
   rElec:     It insulates you from electricity.
   Will+:     It increases your willpower.
   +Blink:    It lets you blink.
 U - an orb of energy (worn)
Magical Staves
 b - the staff of the Modern Artisans {rC+ Stlth+ Ice}
   (You found it on level 5 of the Pits of Slime)

   [staff of cold]

   Base accuracy: +5 Base damage: 5 Base attack delay: 1.2 This weapon's minimum
   attack delay (0.6) is reached at skill level 12.
   rC+:       It protects you from cold.
   Stlth+:    It makes you more stealthy.
   Ice:       It increases the power of your Ice spells.
   It falls into the 'Staves' category.
   It is a one-handed weapon.
Jewellery
 p - the ring of Geuty {rC++ rN+ rCorr Int-5 Dex+6}
   (You found it on level 2 of the Depths)

   [ring of dexterity]

   Int-5:     It affects your intelligence (-5).
   Dex+6:     It affects your dexterity (+6).
   rC++:      It greatly protects you from cold.
   rN+:       It protects you from negative energy.
   rCorr:     It protects you from acid and corrosion.
 G - the ring "Nawa" {Wiz Fly Will+ Slay-6 Stlth+}
   (You found it on level 2 of the Depths)

   [ring of wizardry]

   Wiz:       It improves your spell success rate.
   Slay-6:    It affects your accuracy & damage with ranged weapons and melee
   (-6).
   Will+:     It increases your willpower.
   Fly:       It grants you flight.
   Stlth+:    It makes you more stealthy.
 I - the ring of the Dolphin (right hand) {rElec rF+ rN+ Dex-5}
   (You found it in the Desolation of Salt)

   [ring of protection from fire]

   Dex-5:     It affects your dexterity (-5).
   rF+:       It protects you from fire.
   rElec:     It insulates you from electricity.
   rN+:       It protects you from negative energy.
 O - an amulet of the acrobat (around neck)
 Q - the ring of the Histrionic God {rPois MP+9 Str-4 Int+3}
   (You found it on level 3 of the Depths)

   [ring of poison resistance]

   Str-4:     It affects your strength (-4).
   Int+3:     It affects your intelligence (+3).
   rPois:     It protects you from poison MP+9: It affects your magic capacity
   (+9).
 V - a ring of protection from fire
 X - the ring of Jugrav (left hand) {rElec rPois rN+ AC+4}
   (You took it off a deep elf blademaster on level 3 of the Elven Halls)

   [ring of protection]

   AC+4:      It affects your AC (+4).
   rElec:     It insulates you from electricity.
   rPois:     It protects you from poison rN+: It protects you from negative
   energy.
Wands
 d - a wand of mindburst (30)
 l - a wand of charming (56)
 q - a wand of acid (14)
 y - a wand of roots (70)
 E - a wand of polymorph (49)
 W - a wand of digging (3)
Scrolls
 f - 24 scrolls of teleportation {@r2}
 g - 3 scrolls of silence
 h - 9 scrolls of poison
 r - 7 scrolls of vulnerability
 x - 11 scrolls of fear
 A - 8 scrolls of amnesia
 K - 9 scrolls of summoning
 L - 12 scrolls of fog
 N - 2 scrolls of revelation
 T - 6 scrolls of immolation
 Z - 2 scrolls of blinking {@r3}
Potions
 e - 5 potions of resistance
 i - 9 potions of brilliance
 m - 3 potions of mutation
 n - 14 potions of curing
 s - 7 potions of magic
 v - 3 potions of invisibility
 B - 8 potions of might
 D - a potion of ambrosia
 F - 13 potions of heal wounds
 H - 9 potions of enlightenment
Miscellaneous
 c - a sack of spiders
 w - a lightning rod (4/4)
 J - a condenser vane
 Y - a phantom mirror


   Skills:
 + Level 17.9 Fighting
 - Level 14.0(14.8) Polearms
 - Level 8.0(12.0) Staves
 - Level 16.1 Armour
 - Level 10.0 Dodging
 - Level 10.0 Stealth
 - Level 5.0 Shields
 - Level 15.0 Spellcasting
 - Level 12.0 Conjurations
 - Level 7.0 Summonings
 + Level 22.4 Necromancy
 - Level 3.0 Translocations
 - Level 10.0 Transmutations
 + Level 23.4 Ice Magic
 - Level 10.0 Air Magic
 - Level 12.0 Invocations
 - Level 10.0 Evocations


You had 5 spell levels left.
You knew the following spells:

 Your Spells              Type           Power      Damage    Failure   Level
a - Ozocubu's Armour      Ice            100%       N/A       1%          3
b - Sublimation of Blood  Necr           100%       N/A       1%          2
c - Freezing Cloud        Conj/Ice/Air   52%        6-21      1%          5
d - Dispel Undead         Necr           100%       3d31      1%          4
i - Summon Ice Beast      Ice/Summ       100%       N/A       1%          4
o - Ozocubu's Refrigerat  Ice            63%        4d21      1%          7
p - Apportation           Tloc           100%       N/A       4%          1
r - Frozen Ramparts       Ice            100%       1d16      1%          3
s - Simulacrum            Ice/Necr       62%        N/A       1%          6
x - Irradiate             Conj/Tmut      46%        3d27      4%          5
z - Freeze                Ice            100%       1d10      1%          1
B - Borgnjor's Revivific  Necr           62%        N/A       7%          8
P - Passwall              Tmut/Erth      55%        N/A       3%          2

Your spell library contained the following spells:

 Spells                   Type           Power      Damage    Failure   Level
 Kiss of Death            Conj/Necr      100%       2d13      1%          1
 Magic Dart               Conj           100%       1d8       1%          1
 Necrotise                Necr           100%       1d9       1%          1
 Summon Small Mammal      Summ           100%       N/A       1%          1
 Cigotuvi's Dreadful Rot  Necr/Pois/Air  100%       N/A       1%          2
 Ensorcelled Hibernation  Hex/Ice        100%       N/A       1%          2
 Searing Ray              Conj           100%       2d8       1%          2
 Static Discharge         Conj/Air       100%       2-7/arc   1%          2
 Wereblood                Tmut           88%        N/A       1%          2
 Swiftness                Air            88%        N/A       1%          3
 Vampiric Draining        Necr           100%       2d13      1%          3
 Agony                    Necr           100%       N/A       1%          5
 Foxfire                  Conj/Fire      100%       2x1d9     2%          1
 Sting                    Tmut/Pois      100%       1d8       2%          1
 Call Imp                 Summ           100%       N/A       2%          2
 Anguish                  Hex/Necr       46%        N/A       2%          4
 Poisonous Vapours        Pois/Air       100%       N/A       3%          2
 Call Canine Familiar     Summ           76%        N/A       3%          3
 Dazzling Flash           Conj/Hex       100%       N/A       3%          3
 Mephitic Cloud           Conj/Pois/Air  78%        N/A       3%          3
 Stone Arrow              Conj/Erth      100%       3d13      3%          3
 Airstrike                Air            44%        2d(7-23)  3%          4
 Iskenderun's Battlesphe  Conj           95%        2d14      3%          5
 Metabolic Englaciation   Hex/Ice        47%        N/A       3%          5
 Summon Lightning Spire   Summ/Air       82%        N/A       4%          4
 Arcjolt                  Conj/Air       46%        1d56      4%          5
 Borgnjor's Vile Clutch   Necr/Erth      46%        N/A       4%          5
 Blink                    Tloc           100%       N/A       5%          2
 Lesser Beckoning         Tloc           100%       N/A       5%          2
 Iskenderun's Mystic Bla  Conj/Tloc      78%        2d16      5%          4
 Summon Guardian Golem    Hex/Summ       59%        N/A       7%          3
 Vhi's Electric Charge    Tloc/Air       100%       N/A       7%          4
 Gell's Gravitas          Tloc           56%        N/A       8%          3
 Ignite Poison            Fire/Tmut/Pois 58%        N/A       8%          3
 Teleport Other           Tloc           56%        N/A       8%          3
 Fulminant Prism          Conj/Hex       36%        3d17      8%          4
 Sticky Flame             Conj/Fire      72%        2d9       8%          4
 Sandblast                Erth           66%        2d15      9%          1
 Slow                     Hex            100%       N/A       9%          1
 Petrify                  Tmut/Erth      67%        N/A       10%         4
 Portal Projectile        Hex/Tloc       92%        N/A       12%         3
 Volatile Blastmotes      Fire/Tloc      92%        2d17      12%         3
 Animate Armour           Summ/Erth      100%       N/A       16%         4
 Fireball                 Conj/Fire      36%        3d15      16%         5
 Manifold Assault         Tloc           56%        N/A       17%         4
 Confusing Touch          Hex            33%        N/A       19%         3
 Inner Flame              Hex/Fire       33%        N/A       19%         3
 Tukima's Dance           Hex            33%        N/A       19%         3
 Alistair's Intoxication  Tmut/Pois      44%        N/A       21%         5
 Silence                  Hex/Air        33%        N/A       21%         5
 Summon Forest            Summ/Tloc      33%        N/A       21%         5
 Summon Mana Viper        Hex/Summ       59%        N/A       32%         5
 Cause Fear               Hex            16%        N/A       43%         4
 Leda's Liquefaction      Hex/Erth       16%        N/A       43%         4
 Lee's Rapid Deconstruct  Erth           16%        3d10*     73%         5
 Death Channel            Necr           62%        N/A       1%          6
 Conjure Ball Lightning   Conj/Air       46%        3x3d16    12%         6
 Haunt                    Necr/Summ      52%        N/A       14%         7
 Orb of Destruction       Conj           47%        9d12      32%         7
 Death's Door             Necr           62%        N/A       43%         9
 Leda's Unmaking          Conj/Erth      36%        9d6       50%         6
 Starburst                Conj/Fire      36%        6d11      50%         6
 Spellforged Servitor     Conj/Summ      43%        N/A       58%         7
 Eringya's Noxious Bog    Tmut/Pois      33%        4d6       63%         6
 Plasma Beam              Fire/Air       33%        2x1d46    63%         6
 Dispersal                Tloc           28%        N/A       86%         6
 Monstrous Menagerie      Summ           38%        N/A       87%         7
 Summon Hydra             Summ           38%        N/A       87%         7
 Malign Gateway           Summ/Tloc      33%        N/A       98%         7
 Maxwell's Capacitive Co  Air            44%        ∞         98%         8
 Enfeeble                 Hex            16%        N/A       100%        7
 Lehudib's Crystal Spear  Conj/Erth      36%        10d9      100%        8
 Summon Horrible Things   Summ           38%        N/A       100%        8
 Chain Lightning          Conj/Air       46%        3d61      100%        9
 Fire Storm               Conj/Fire      36%        8d9       100%        9
 Shatter                  Erth           16%        3d16*     100%        9


Dungeon Overview and Level Annotations

Branches:
Dungeon (15/15)            Temple (1/1) D:4            Lair (5/5) D:11
  Swamp (4/4) Lair:3       Spider (4/4) Lair:2        Slime (5/5) Lair:4
    Orc (2/2) D:12            Elf (3/3) Orc:2        Vaults (5/5) D:13
  Crypt (3/3) Vaults:3       Tomb (0/3) Crypt:3      Depths (4/4) D:15
   Hell (visited)             Dis (0/7) Hell            Geh (0/7) Hell
    Coc (0/7) Hell            Tar (0/7) Hell            Zot (5/5) Depths:4
 Bailey (visited)           IceCv (visited)         Volcano (visited)
Desolation (visited)

Altars:
Ashenzari
Cheibriados
Dithmenos
Elyvilon
Fedhas
Gozag
Hepliaklqana
Kikubaaqudgha
Makhleb
Nemelex Xobeh
Okawaru
Qazlal
Ru
Trog
Uskayaw
Vehumet
Wu Jian
Xom
Yredelemnul
Zin
The Shining One
Jiyva
Lugonu

Shops:
D:6 *   Orc:2 (?*:*   Elf:3 =   Vaults:1 [   Depths:3 *   Depths:4 ?(!

Portals:
Hell: Lair:5 Depths:1 Depths:2 Depths:3 Depths:4
Abyss: Depths:3
Pandemonium: Depths:2
Ziggurat: Depths:3

Annotations:
D:4 exclusion: downstairs
D:6 exclusion: orc wizard
D:9 4 transporters
D:12 exclusion: 2 downstairs
D:14 3 runed translucent doors, Ongus's ghost, journeyman OpEE
Lair:2 exclusion: downstairs
Zot:1 exclusion: orb of fire


Innate Abilities, Weirdness & Mutations

Your serpentine skin is tough. (AC +9)
You have supernaturally acute eyesight. (SInv)
Armour fits poorly on your strangely shaped body.
Your system is resistant to poisons. (rPois)
You cover ground very slowly.
You can spit poison.
You can use your snake-like lower body to constrict enemies.
Your tail ends in a venomous barb.
You are partially covered in iridescent scales. (AC +2)
You are clumsy. (Dex -2)
Your body sometimes deteriorates upon taking damage.
Your magical capacity is low. (-10% MP)
Your natural rate of healing is unusually fast.
You occasionally shout uncontrollably at your foes.
You are weak. (Str -2)
You expend magic power (3 MP) to strengthen your wands.


Message History

You reach to attack!
You impale the red devil!!
The red devil is almost dead.
You reach to attack!
You miss the red devil.
The red devil is almost dead.
The red devil closely misses you.
You reach to attack!
You puncture the red devil!
You kill the red devil!
Cheibriados appreciates the change of pace.
A freezing mist starts to gather... x4
No target in view!
The barbed spikes dig painfully into your body as you move.
The barbed spikes dig painfully into your body as you move.
The barbed spikes dig painfully into your body as you move.
The barbed spikes snap loose.
Aiming: Dig
Press: ? - help, Shift-Dir - straight line You can't see that place. [a rock wall.]
You feel a surge of power!
The rock shatters into small pieces.
Socutovu comes into view.
Your red devil simulacrum hits Socutovu.
Your red devil simulacrum freezes Socutovu.
Socutovu resists.
Socutovu hits your red devil simulacrum!!!
Your red devil simulacrum vaporises!
Your red devil simulacrum hits Socutovu.
Your red devil simulacrum freezes Socutovu.
Socutovu resists.
Press: ? - help, v - describe, . - travel
Here: Socutovu (lightly wounded, ally target)
The floor.
Blink to where?
Press: ? - help, Dir - move target
As you read the scroll of blinking {@r3}, it crumbles to dust.
Blink to where?
Press: ? - help, Dir - move target
As you read the scroll of blinking {@r3}, it crumbles to dust.
There is a staircase leading out of the dungeon here.
Socutovu hits you.
You have escaped!

##.#########################
#.# §§≈§### ## #.# §§§≈≈≈≈##
#. #.# ≈≈#≈≈≈§≈# #. #.#
§≈§≈§≈≈## #. #.# §≈≈§≈#≈§#
#. #.# ####≈≈≈≈≈### #. #.#
#>.......'.## #. #.#
#@&......'..# #. #.#
####≈≈≈≈≈##§# #. #.#
≈≈≈≈≈§#≈≈##.# #. #.#
≈≈§≈≈§≈§≈###.# #. #.#
≈≈≈#≈§≈≈≈# #.#####. #.#
§≈≈≈≈≈≈≈## #&...... #.#
≈≈§§≈≈### #.#..... #.#
#############.#.###. #.#
#...............# #.


You could see Socutovu.

Vanquished Creatures
  the Royal Jelly (Slime:5)
  6 dread liches
  2 orbs of fire (Zot:5)
  6 ancient liches
  Boris (Vaults:3)
  Josephina (Crypt:1)
  Frederick (Vaults:4)
  2 Killer Klowns (Zot:5)
  Geryon (Hell)
  3 curse toes
  4 caustic shrikes (Depths:4)
  8 golden dragons
  Nikola (Swamp:2)
  4 bone dragons
  3 electric golems
  A Tzitzimitl (D:10)
  An iron giant (Hell)
  2 hellephants
  Jorgrun (Swamp:3)
  Rupert (D:13)
  8 Orb Guardians
  Mlioglotl (Spider:2)
  Asterion (Vaults:3)
  9 tentacled monstrosities
  5 liches
  4 deep elf blademasters
  A sphinx (Depths:2)
  3 titans
  A tainted leviathan (Hell)
  4 tentacled starspawn
  8 quicksilver dragons
  9 acid blobs
  3 deep elf master archers (Elf:3)
  Agnes (Spider:1)
  5 ancient champions
  3 death cobs
  2 Executioners
  2 thorn hunters
  The ghost of Hushro Gotoq the Marksdemigod, an adept DgHu (Elf:1)
  4 tengu reavers
  5 rockslimes
  9 shadow dragons
  9 storm dragons
  Kirke (Swamp:3)
  A revenant (Vaults:3)
  3 draconian monks
  4 fire giants
  6 azure jellies
  3 draconian knights
  A fenstrider witch (Swamp:2)
  4 draconian scorchers
  2 emperor scorpions
  A juggernaut zombie (Crypt:2)
  9 deep elf sorcerers
  9 vault wardens
  9 ghost moths
  2 imperial myrmidons (Desolation)
  4 draconian shifters
  3 frost giants
  A balrug (Depths:2)
  12 ghouls
  5 deep elf elementalists
  A curse skull (Crypt:2)
  3 draconian annihilators
  A cacodemon (D:15)
  9 stone giants
  2 draconian stormcallers
  An orc warlord (Vaults:2)
  A demonspawn corrupter (D:15)
  10 quicksilver oozes
  14 ironbound preservers
  3 war gargoyles
  A broodmother (Spider:2)
  3 reapers
  An ironbound thunderhulk (Vaults:2)
  3 formless jellyfish
  12 very ugly things
  9 green draconians
  6 purple draconians
  7 vampire knights
  An eleionoma (Swamp:3)
  5 putrid mouths (Hell)
  4 black draconians
  5 deep elf demonologists
  Azrael (D:12)
  9 deep elf annihilators
  A lorocyproca (Abyss:2)
  5 red draconians
  4 halazid warlocks (Desolation)
  2 bunyips
  7 spark wasps
  A spark wasp (shapeshifter) (Depths:1)
  3 yellow draconians
  A wendigo (Hell)
  5 white draconians
  A blizzard demon (Hell)
  12 dire elephants
  2 deep elf death magi (Elf:3)
  2 iron golems (Hell)
  5 ragged hierophants (Desolation)
  The ghost of Cinolulu the Thaumaturge, a journeyman DEIE of Sif Muna (Orc:1)
  17 jiangshi
  2 fire dragons
  5 ettins
  4 deep elf high priests (Elf:3)
  4 eidola
  A green death (D:10)
  13 yaktaur captains
  6 entropy weavers
  3 crystal guardians
  31 vault guards
  8 great orbs of eyes
  2 ice dragons (Depths:4)
  3 rakshasas
  Erolcha (Orc:2)
  4 spriggan zombies
  11 hydras
  12 peacekeepers
  A spriggan air mage (Depths:4)
  The ghost of Vorhees the Martial Artist, a journeyman GnSh of Ashenzari (D:10)
  7 ironbound frosthearts
  9 servants of whispers (Desolation)
  A juggernaut simulacrum (Hell)
  A jorogumo (Spider:2)
  3 caustic shrike simulacra (IceCv)
  2 death knights
  9 centaur warriors
  A ghost crab (Swamp:4)
  A two-headed ogre (shapeshifter) (Depths:2)
  2 radroaches
  A satyr (shapeshifter) (Depths:2)
  A fenstrider witch skeleton (Crypt:3)
  7 deep troll shamans
  15 vampire magi
  11 boulder beetles
  12 two-headed ogres
  A satyr (Abyss:3)
  30 dancing weapons
  2 orc high priests (Elf:1)
  3 tengu warriors
  8 death yaks
  5 thrashing horrors
  6 spriggan berserkers
  4 deep troll earth magi
  9 hell hogs
  5 demonic crawlers
  Urug (D:13)
  3 hell knights (Depths:1)
  2 wretched stars
  21 deep elf knights
  9 soul eaters
  8 sun demons
  7 skeletal warriors
  2 sun moths
  7 iron trolls
  2 sixfirhies
  3 skysharks
  An iron troll (shapeshifter) (Vaults:2)
  A shadow wraith (Vaults:5)
  9 pharaoh ants
  3 goliath frogs
  2 spriggan druids
  23 deep trolls
  A bunyip zombie (Crypt:2)
  9 orb spiders
  A quicksilver dragon simulacrum (Crypt:1)
  7 flayed ghosts
  An anaconda zombie (Crypt:3)
  8 lindwurms
  A swamp dragon (shapeshifter) (Depths:3)
  2 spectral wolf spiders (Spider:2)
  8 bog bodies
  2 obsidian statues
  7 swamp dragons
  7 steelbarb worms
  17 deep elf archers
  An anaconda skeleton (Crypt:1)
  2 spriggan simulacra (IceCv)
  A shadow dragon zombie (Crypt:2)
  8 phantasmal warriors
  7 wizards
  3 harpies (Vaults:1)
  39 deep elf pyromancers
  10 orc knights
  37 deep elf zephyrmancers
  23 ironbound convokers
  7 necromancers
  27 ugly things
  An alligator zombie (Crypt:3)
  5 shining eyes
  7 starcursed masses
  3 wolf spider zombies (Spider:2)
  3 orc sorcerers
  20 wolf spiders
  A faun (shapeshifter) (D:14)
  A salamander (shapeshifter) (Elf:1)
  18 moths of wrath
  5 worldbinders
  A salamander (Volcano)
  3 black mambas
  7 cyclopes
  A centaur zombie (Crypt:2)
  10 vault sentinels
  2 stone giant skeletons
  A guardian serpent (shapeshifter) (D:13)
  An apocalypse crab (Depths:3)
  3 guardian serpents (Desolation)
  3 rust devils
  4 torpor snails
  4 gargoyles
  An alligator snapping turtle zombie (Crypt:1)
  16 cane toads
  A hellion (Depths:1)
  A molten gargoyle (Desolation)
  9 smoke demons
  6 orange demons
  A water nymph (Abyss:3)
  A dire elephant skeleton (Abyss:2)
  A catoblepas zombie (Crypt:3)
  5 komodo dragons
  5 rime drakes
  A rime drake (shapeshifter) (Elf:1)
  23 freezing wraiths
  A komodo dragon (shapeshifter) (D:14)
  An unseen horror zombie (Crypt:1)
  An efreet (Abyss:1)
  An unseen horror (D:11)
  A kobold demonologist (D:13)
  Psyche (D:12)
  7 anaconda simulacra (IceCv)
  3 golden dragon simulacra (IceCv)
  4 ice devils
  3 tengu conjurers
  A guardian mummy (Crypt:2)
  13 yaktaurs
  2 ancient zymes (Abyss:2)
  3 red devils
  9 trolls
  3 harpy zombies
  4 tyrant leeches
  5 hellwings
  9 meliai
  2 bloated husks (Swamp:3)
  2 polar bears (Lair:4)
  A hydra zombie (Abyss:2)
  A hydra skeleton (Hell)
  3 wolf spider simulacra (Spider:2)
  9 hornets
  8 blink frogs
  20 tarantellas
  2 harpy skeletons
  An ice dragon zombie (Crypt:1)
  59 saltlings (Desolation)
  14 large abominations
  3 dream sheep (Lair:5)
  3 alligator simulacra (IceCv)
  2 raiju (shapeshifter)
  3 air elementals
  A hornet (shapeshifter) (Depths:2)
  5 small abominations
  An iron dragon simulacrum (Crypt:1)
  40 jumping spiders
  An ettin zombie (Hell)
  A raiju (Abyss:2)
  18 culicivoras
  3 centaur simulacra
  A fire dragon skeleton (Crypt:1)
  A dire elephant simulacrum (IceCv)
  5 flying skulls
  A spriggan (shapeshifter) (Depths:3)
  58 slime creatures
  3 spriggans
  3 wyverns
  A vampire (Crypt:1)
  3 wraiths
  A slime creature (shapeshifter) (Depths:3)
  5 water elementals
  2 ynoxinuls
  A black mamba zombie (Abyss:2)
  3 basilisks
  2 fire bats
  36 yaks
  3 hogs
  A naga simulacrum (Crypt:1)
  2 golden eyes (Slime:5)
  50 redbacks
  2 chaos spawn
  4 fire elementals
  2 minotaur simulacra (IceCv)
  16 humans (D:13)
  17 wargs
  A steam dragon (D:7)
  8 vampire mosquitoes
  3 neqoxecs (Abyss:2)
  5 harpy simulacra
  10 swamp worms
  2 acid dragons
  16 water moccasins
  A deep troll zombie (Crypt:2)
  A hydra simulacrum (IceCv)
  10 hell hounds
  41 orc warriors
  9 ice beasts
  A sky beast (D:8)
  2 swamp drakes (Swamp:4)
  4 black bears
  A manticore zombie (Crypt:3)
  A deep troll skeleton (Crypt:1)
  A blink frog zombie (Crypt:1)
  7 ogres
  A lindwurm skeleton (Crypt:2)
  10 centaurs
  24 wolves
  A swamp dragon skeleton (Crypt:2)
  A phantom (D:5)
  4 kobold brigands
  9 bullfrogs
  A nameless horror (D:8)
  3 necrophages (Crypt:1)
  2 scorpions
  An earth elemental (Elf:1)
  8 gnoll sergeants
  9 wights
  11 killer bees (D:9)
  A warg skeleton (Crypt:2)
  2 howler monkeys (D:9)
  2 electric eels
  A wolf skeleton (Crypt:1)
  3 jellies
  2 hounds
  A human zombie (Crypt:2)
  3 gnoll boudas (D:9)
  11 orc priests
  A sleepcap (D:6)
  Ijyb (D:4)
  4 iguanas
  20 orc wizards
  8 hell rats
  A tengu zombie (Crypt:1)
  7 gnolls
  3 adders
  A shadow imp (D:5)
  2 ufetubi
  An adder skeleton (Crypt:2)
  2 worms
  3 dart slugs
  97 orcs
  3 endoplasms
  A giant cockroach (D:2)
  4 goblins
  5 hobgoblins
  A jackal (D:2)
  15 kobolds
  6 quokkas
  6 ball pythons
  3 bats
  6 frilled lizards
  A goblin zombie (Crypt:3)
  A quokka skeleton (Crypt:2)
  5 rats
  A rat zombie (Crypt:2)
  A river rat skeleton (Crypt:3)
  A creeping inferno (Hell)
  A lurking horror (Abyss:2)
  2 starspawn tentacles (Abyss:2)
2139 creatures vanquished.

Vanquished Creatures (collateral kills)
  Tiamat (Zot:4)
  2 orbs of fire
  2 ancient liches (Zot:5)
  2 Killer Klowns (Zot:5)
  A curse toe (Zot:5)
  3 golden dragons
  An electric golem (Zot:5)
  A Brimstone Fiend (D:7)
  5 tentacled monstrosities
  20 Orb Guardians
  A lich (Vaults:5)
  4 quicksilver dragons
  A deep elf blademaster (Abyss:3)
  4 acid blobs (Slime:5)
  2 sphinxes (Vaults:5)
  5 titans (Vaults:5)
  3 death cobs
  3 tentacled starspawn (Abyss:2)
  Gastronok (Lair:2)
  A thorn hunter (Swamp:4)
  2 tengu reavers
  Aizul (Swamp:1)
  3 shadow dragons
  4 storm dragons
  An azure jelly (Slime:5)
  2 fire giants (Depths:2)
  4 rockslimes (Slime:5)
  2 draconian monks
  A draconian knight (Zot:4)
  2 frost giants
  3 vault wardens (Vaults:5)
  2 draconian scorchers
  Louise (Swamp:4)
  3 emperor scorpions (Spider:4)
  A ghost moth (Spider:4)
  2 reapers
  5 very ugly things
  An ironbound thunderhulk (Vaults:3)
  2 ironbound preservers (Vaults:1)
  2 draconian annihilators
  2 spriggan defenders (Depths:2)
  2 quicksilver oozes (Slime:5)
  A cacodemon (D:7)
  8 stone giants
  3 green draconians
  2 black draconians
  4 white draconians
  3 bunyips
  2 deep elf demonologists (Vaults:5)
  3 eleionomae
  4 yellow draconians
  3 dire elephants
  3 purple draconians (Zot:2)
  2 red draconians
  A spark wasp (Depths:2)
  3 ettins
  An iron golem (Hell)
  3 fire dragons (Depths:2)
  4 shambling mangroves
  2 jiangshi (Depths:1)
  2 great orbs of eyes
  3 ragged hierophants (Desolation)
  A yaktaur captain (Vaults:5)
  3 rakshasas
  4 servants of whispers (Desolation)
  A vault guard (Vaults:2)
  A deep elf high priest (Vaults:5)
  10 hydras
  The ghost of Nammoc the Thaumaturge, a journeyman GnWn of Cheibriados (Lair:3)
  2 ghost crabs
  A jorogumo (Spider:4)
  2 ironbound frosthearts
  10 alligators
  A radroach (Spider:4)
  A spriggan air mage (Depths:1)
  2 ogre magi
  A boulder beetle (Spider:4)
  A two-headed ogre (D:15)
  2 centaur warriors (Vaults:1)
  A tengu warrior (Depths:2)
  3 deep troll shamans
  2 death yaks (Lair:5)
  2 spriggan berserkers
  6 deep troll earth magi
  3 demonic crawlers
  Sonja (D:12)
  2 wretched stars
  A skeletal warrior (D:15)
  4 spriggans
  4 iron trolls
  An orb spider (Zot:2)
  5 goliath frogs
  2 spriggan druids
  A glowing orange brain (D:15)
  2 glowing orange brains (shapeshifter)
  2 flayed ghosts (Depths:2)
  16 deep trolls
  6 swamp dragons
  2 large abominations (D:15)
  2 bog bodies
  3 phantasmal warriors
  2 ironbound convokers
  3 lindwurms
  A deep elf pyromancer (Elf:1)
  2 orc knights
  A necromancer (Hell)
  A wolf spider zombie (Spider:2)
  A deep elf zephyrmancer (Elf:3)
  8 wolf spiders
  A shining eye (Slime:5)
  A cyclops (D:9)
  14 ugly things
  8 moths of wrath
  3 will-o-the-wisps
  A worldbinder (Abyss:3)
  A centaur zombie (Hell)
  A smoke demon (Abyss:3)
  3 rust devils
  A water nymph (Abyss:3)
  2 black mambas
  A molten gargoyle (Desolation)
  A vault sentinel (Vaults:3)
  2 orange demons
  An eye of devastation (Slime:5)
  2 komodo dragons (Lair:2)
  3 yaktaurs
  A death yak zombie (Crypt:1)
  An ice devil (Depths:2)
  A troll (D:11)
  7 tyrant leeches
  A bloated husk (Swamp:2)
  10 hornets
  A tarantella (shapeshifter) (Vaults:5)
  16 saltlings (Desolation)
  2 tarantellas
  4 raiju (Abyss:2)
  A dream sheep (Lair:5)
  34 slime creatures
  7 jumping spiders
  4 water elementals
  2 hogs (Swamp:3)
  2 ynoxinuls
  8 yaks
  2 neqoxecs
  3 chaos spawn
  A fire elemental (Depths:1)
  12 redbacks
  9 vampire mosquitoes
  9 swamp worms
  8 wargs (D:9)
  A minotaur simulacrum (IceCv)
  An acid dragon (D:12)
  A naga zombie (Hell)
  2 water moccasins (Lair:1)
  A floating eye (Depths:1)
  5 swamp drakes
  2 orc warriors
  An ogre (D:15)
  4 black bears (Lair:1)
  3 wolves
  4 kobold brigands
  A bullfrog (Lair:2)
  7 wights
  2 small abominations (Abyss:2)
  A lindwurm simulacrum (IceCv)
  A killer bee (D:9)
  2 howler monkeys
  3 orc priests
  A jelly (Lair:4)
  An iron imp (Abyss:2)
  2 hell rats
  2 ufetubi (Abyss:2)
  7 orcs
  A kobold (D:8)
  A lurking horror (Abyss:2)
  3 starspawn tentacles (Abyss:2)
554 creatures vanquished.

Vanquished Creatures (others)
  An Orb Guardian (Zot:5)
  A draconian knight (Zot:2)
  A draconian scorcher (Zot:2)
  A spriggan simulacrum (Hell)
  2 deep elf zephyrmancers
  An ice devil (Hell)
  3 bloated husks
  A centaur (D:8)
  A naga simulacrum (Crypt:1)
  A tengu skeleton (Crypt:1)
  2 foxfires (Swamp:4)
  8 starspawn tentacles
23 creatures vanquished.

Grand Total: 2716 creatures vanquished

Notes
Turn   | Place    | Note
-------+----------+-------------------------------------------
     0 | D:1      | octothorp the Naga Ice Elementalist began the quest for the
                  | Orb.
     0 | D:1      | Reached XP level 1. HP: 15/15 MP: 3/3
   270 | D:1      | Reached XP level 2. HP: 15/22 MP: 0/5
  1100 | D:1      | Reached XP level 3. HP: 28/28 MP: 4/6
  1109 | D:1      | Learned a level 3 spell: Frozen Ramparts
  1341 | D:2      | Identified the +2 chain mail of Yredelemnul's Delight
                  | {Rampage Dex+6 Stlth+}
  2196 | D:3      | Reached skill level 5 in Ice Magic
  2300 | D:3      | Reached XP level 4. HP: 35/36 MP: 7/7
  2304 | D:3      | Learned a level 3 spell: Ozocubu's Armour
  2365 | D:3      | Found a sparkling altar of Nemelex Xobeh.
  2580 | D:3      | You fall into a shaft and drop 1 floor!
  2614 | D:4      | Found an iron altar of Okawaru.
  2738 | D:4      | Found a broken altar of Ashenzari.
  2738 | D:4      | Found a white marble altar of Elyvilon.
  2738 | D:4      | Found a stormy altar of Qazlal.
  2800 | D:4      | Reached skill level 5 in Stealth
  2800 | D:4      | Reached XP level 5. HP: 22/42 MP: 0/8
  2878 | D:4      | Noticed a black bear
  2911 | D:4      | Killed a black bear
  2912 | D:4      | Reached skill level 6 in Ice Magic
  2991 | D:4      | Reached XP level 6. HP: 49/49 MP: 3/9
  3236 | D:4      | Noticed Ijyb
  3262 | D:4      | Killed Ijyb
  3840 | D:3      | Found a faded altar of an unknown god.
  3939 | D:4      | Reached skill level 7 in Ice Magic
  3939 | D:4      | Reached XP level 7. HP: 46/55 MP: 4/10
  4104 | D:4      | Identified the +2 robe "Iroc" {MP+9}
  4191 | D:4      | Found a staircase to the Ecumenical Temple.
  4200 | Temple   | Entered the Ecumenical Temple
  4206 | Temple   | Became a worshipper of Cheibriados the Contemplative
  4305 | D:5      | Entered Level 5 of the Dungeon
  4406 | D:5      | Reached skill level 1 in Summonings
  4501 | D:5      | Found an ancient bone altar of Kikubaaqudgha.
  5469 | D:6      | Reached * piety under Cheibriados
  5475 | D:6      | Learned a level 4 spell: Summon Ice Beast
  5666 | D:6      | Reached XP level 8. HP: 62/62 MP: 12/12
  5722 | D:6      | Found Liame's Assorted Antiques.
  5728 | D:6      | Bought a glowing scarf for 240 gold pieces
  5762 | D:6      | Bought an orange potion for 27 gold pieces
  5762 | D:6      | Bought a smoky coppery potion for 27 gold pieces
  5841 | D:6      | Bought a yellow potion for 27 gold pieces
  6137 | D:6      | Found a sacrificial altar of Ru.
  6487 | D:7      | Found a glowing golden altar of the Shining One.
  6497 | D:7      | Reached skill level 5 in Summonings
  6662 | D:7      | Reached skill level 8 in Ice Magic
  7183 | D:7      | Reached skill level 9 in Ice Magic
  7205 | D:7      | Noticed a hornet
  7332 | D:7      | Killed a hornet
  7333 | D:7      | Reached XP level 9. HP: 62/73 MP: 12/13
  7486 | D:7      | Reached ** piety under Cheibriados
  8393 | D:8      | Noticed a hornet
  8397 | D:8      | Killed a hornet
  8540 | D:8      | Reached skill level 5 in Fighting
  8627 | D:8      | Reached *** piety under Cheibriados
  8628 | D:8      | Reached skill level 1 in Invocations
  9401 | D:9      | Reached XP level 10. HP: 69/91 MP: 14/14
  9570 | D:9      | Found a transporter.
  9576 | D:9      | Found a transporter.
  9578 | D:9      | Found a transporter.
  9578 | D:9      | Found a transporter.
  9639 | D:9      | Reached skill level 5 in Invocations
 10119 | D:9      | Reached skill level 1 in Conjurations
 10119 | D:9      | Reached skill level 1 in Air Magic
 10315 | D:9      | Reached **** piety under Cheibriados
 10722 | D:9      | Learned a level 5 spell: Freezing Cloud
 11024 | D:9      | Reached skill level 5 in Spellcasting
 11216 | D:9      | Reached XP level 11. HP: 63/92 MP: 15/18
 11492 | D:9      | Noticed a two-headed ogre
 11546 | D:9      | Killed a two-headed ogre
 11547 | D:9      | Reached skill level 5 in Conjurations
 11547 | D:9      | Reached skill level 5 in Air Magic
 11770 | D:9      | Reached ***** piety under Cheibriados
 11880 | D:9      | Noticed a two-headed ogre
 11885 | D:9      | Noticed a cyclops
 11889 | D:9      | Killed a two-headed ogre
 11889 | D:9      | Killed a cyclops
 11894 | D:9      | Noticed an orc knight
 12143 | D:9      | Noticed a two-headed ogre
 12154 | D:9      | Killed a two-headed ogre
 12242 | D:10     | Entered Level 10 of the Dungeon
 12298 | D:10     | Noticed a two-headed ogre
 12310 | D:10     | Killed a two-headed ogre
 12393 | D:10     | Found a flagged portal.
 12402 | Bailey   | Entered a bailey
 12548 | Bailey   | Reached skill level 10 in Ice Magic
 12729 | Bailey   | Noticed an orc knight
 12741 | Bailey   | Noticed an orc knight
 12745 | Bailey   | Killed an orc knight
 12765 | Bailey   | Killed an orc knight
 12774 | Bailey   | Noticed an orc knight
 12959 | Bailey   | Killed an orc knight
 12960 | Bailey   | Reached skill level 11 in Ice Magic
 13133 | D:10     | Found a runed translucent gate.
 13133 | D:10     | Found a runed translucent gate.
 13133 | D:10     | Found a runed translucent gate.
 13133 | D:10     | Noticed Vorhees's ghost (journeyman GnSh)
 13160 | D:10     | Killed Vorhees's ghost
 13443 | D:10     | Reached XP level 12. HP: 101/105 MP: 17/19
 13511 | D:10     | Identified the +1 ring mail of Somewhere Else {Dex+2}
 13522 | D:10     | Learned a level 3 spell: Stone Arrow
 14248 | D:11     | Reached skill level 12 in Ice Magic
 14602 | D:11     | Noticed a boulder beetle
 14668 | D:11     | Killed a boulder beetle
 14850 | D:11     | Found a staircase to the Lair.
 14961 | Lair:1   | Entered Level 1 of the Lair of Beasts
 15144 | Lair:1   | Reached skill level 1 in Evocations
 15412 | Lair:1   | Reached ****** piety under Cheibriados
 15573 | Lair:1   | Reached skill level 10 in Stealth
 16464 | Lair:2   | Gained mutation: You can use your snake-like lower body to
                  | constrict enemies. [Naga growth]
 16464 | Lair:2   | Reached XP level 13. HP: 115/118 MP: 13/20
 16506 | Lair:2   | Found a hole to the Spider Nest.
 16884 | Lair:2   | Reached skill level 5 in Evocations
 17113 | Lair:2   | Noticed Gastronok
 17143 | Lair:2   | Killed Gastronok
 17564 | Lair:2   | Reached skill level 10 in Fighting
 17571 | Lair:2   | Reached skill level 5 in Dodging
 17651 | Lair:2   | Reached XP level 14. HP: 120/132 MP: 21/21
 17812 | Lair:3   | Found a runed translucent gate.
 17812 | Lair:3   | Found a runed translucent gate.
 17813 | Lair:3   | Found a runed translucent gate.
 17961 | Lair:3   | Noticed Nammoc's ghost (journeyman GnWn)
 18443 | Lair:3   | Found a staircase to the Swamp.
 18593 | Lair:4   | Found a viscous altar of Jiyva.
 18707 | Lair:4   | Found a staircase to the Slime Pits.
 18960 | Lair:4   | Identified the +1 chain mail of Giepless {rElec MP+9}
 19407 | Lair:5   | Entered Level 5 of the Lair of Beasts
 19673 | Lair:5   | Reached skill level 10 in Dodging
 20188 | Lair:5   | Reached XP level 15. HP: 138/138 MP: 22/22
 21251 | Lair:5   | Found a burning altar of Makhleb.
 21872 | Lair:5   | Found a gateway to Hell.
 22920 | Spider:1 | Entered Level 1 of the Spider Nest
 22994 | Spider:1 | Noticed Agnes
 23020 | Spider:1 | Noticed a ghost moth
 23022 | Spider:1 | Noticed an emperor scorpion
 23032 | Spider:1 | Killed a ghost moth
 23056 | Spider:1 | Killed an emperor scorpion
 23066 | Spider:1 | Reached skill level 13 in Ice Magic
 24730 | D:12     | Noticed Psyche
 24736 | D:12     | Killed Psyche
 24933 | D:12     | Learned a level 7 spell: Ozocubu's Refrigeration
 24963 | D:12     | Found a staircase to the Orcish Mines.
 25106 | D:12     | Reached XP level 16. HP: 126/152 MP: 25/25
 25151 | D:12     | Noticed Sonja
 25155 | D:12     | Killed Sonja
 25394 | D:12     | Noticed Azrael
 25399 | D:12     | Killed Azrael
 25720 | Orc:1    | Entered Level 1 of the Orcish Mines
 25761 | Orc:1    | Found a transporter.
 25764 | Orc:1    | Noticed Cinolulu's ghost (journeyman DEIE)
 25872 | Orc:1    | Found a dark tunnel.
 25888 | Volcano  | Entered a volcano
 26067 | Volcano  | Reached skill level 1 in Armour
 26741 | Orc:1    | Reached skill level 10 in Invocations
 27149 | Orc:1    | Found a transporter.
 27252 | Orc:1    | Killed Cinolulu's ghost
 27481 | Orc:2    | Entered Level 2 of the Orcish Mines
 27801 | Orc:2    | Found a staircase to the Elven Halls.
 27842 | Orc:2    | Noticed Erolcha
 27845 | Orc:2    | Killed Erolcha
 28670 | Orc:2    | Found Inoim's Antique Weapon Boutique.
 28925 | Orc:2    | Found Rodygun's Book Shop.
 28925 | Orc:2    | Found Daddamne's Assorted Antiques.
 28927 | Orc:2    | Found Ciet's Magic Scroll Shoppe.
 28929 | Orc:2    | Found Tiobick's Assorted Antiques.
 28934 | Orc:2    | Bought an amethyst potion for 27 gold pieces
 28934 | Orc:2    | Bought 2 scrolls labelled VUOMIY RILU for 60 gold pieces
 28934 | Orc:2    | Bought a scroll of teleportation for 90 gold pieces
 28934 | Orc:2    | Bought a scroll of identify for 60 gold pieces
 28939 | Orc:2    | Bought a scroll of blinking for 112 gold pieces
 28945 | Orc:2    | Bought a scroll of teleportation for 72 gold pieces
 28948 | Orc:2    | Bought a marble ring for 150 gold pieces
 28953 | Orc:2    | Bought a scroll of identify for 30 gold pieces
 28953 | Orc:2    | Bought a scroll of identify for 30 gold pieces
 28953 | Orc:2    | Bought a scroll of identify for 30 gold pieces
 28966 | Orc:2    | Bought a heavily runed ring mail for 216 gold pieces
 28966 | Orc:2    | Identified the +1 ring mail of Woyma {Str+3} (You bought it
                  | in a shop on level 2 of the Orcish Mines)
 28966 | Orc:2    | Bought a pair of runed gloves for 180 gold pieces
 28966 | Orc:2    | Bought a potion of cancellation for 192 gold pieces
 28981 | Orc:2    | Learned a level 1 spell: Apportation
 29163 | D:13     | Reached skill level 14 in Ice Magic
 29467 | D:13     | Identified the +6 mace of Piroud {holy, rN+}
 29558 | D:13     | Found a gate to the Vaults.
 29560 | D:13     | Noticed Rupert
 29562 | D:13     | Noticed Urug
 29568 | D:13     | Killed Urug
 30434 | D:14     | Reached skill level 5 in Armour
 30650 | D:14     | Found a runed translucent gate.
 30651 | D:14     | Found a runed translucent gate.
 30652 | D:14     | Found a runed translucent gate.
 30653 | D:14     | Noticed Ongus's ghost (journeyman OpEE)
 31104 | Spider:1 | Killed Agnes
 31747 | Spider:2 | Noticed Mlioglotl
 31765 | Spider:2 | Killed Mlioglotl
 31766 | Spider:2 | Reached XP level 17. HP: 90/159 MP: 8/27
 33429 | Spider:2 | Reached skill level 15 in Ice Magic
 34058 | Spider:3 | Got the Directory of Unhallowed Rituals
 34078 | Spider:3 | Learned a level 6 spell: Simulacrum
 34978 | Spider:3 | Reached skill level 10 in Spellcasting
 34997 | Spider:3 | Reached skill level 1 in Necromancy
 35893 | Spider:3 | Reached skill level 5 in Necromancy
 36263 | Spider:4 | Entered Level 4 of the Spider Nest
 36855 | Spider:4 | Reached skill level 1 in Shields
 36918 | Spider:4 | Reached XP level 18. HP: 167/168 MP: 10/32
 37061 | Spider:4 | Identified the +3 leather armour of Rationality {Int+5}
 37776 | Spider:4 | Reached skill level 5 in Shields
 37993 | Spider:4 | Got a gossamer rune of Zot
 38366 | Orc:1    | Reached XP level 19. HP: 176/176 MP: 33/33
 38556 | D:13     | Killed Rupert
 39386 | Lair:3   | Killed Nammoc's ghost
 39387 | Lair:3   | Reached skill level 1 in Polearms
 39519 | Swamp:1  | Entered Level 1 of the Swamp
 39828 | Swamp:1  | Noticed Aizul
 39832 | Swamp:1  | Killed Aizul
 39896 | Swamp:1  | Identified the +9 chain mail of Decompression {Harm rElec
                  | rPois}
 40321 | Swamp:2  | Noticed Nikola
 40336 | Swamp:2  | Killed Nikola
 40493 | Swamp:3  | Reached skill level 5 in Polearms
 40534 | Swamp:3  | Noticed Kirke
 40539 | Swamp:3  | Noticed Jorgrun
 40682 | Swamp:3  | Killed Jorgrun
 40760 | Swamp:3  | Killed Kirke
 41078 | Swamp:4  | Entered Level 4 of the Swamp
 41174 | Swamp:4  | Reached XP level 20. HP: 187/187 MP: 25/34
 41278 | Swamp:4  | Reached skill level 10 in Armour
 41299 | Swamp:4  | Noticed Louise
 41309 | Swamp:4  | Killed Louise
 41450 | Swamp:4  | Identified the +2 cloak of Lifelessness {rC+ Will- Str+3}
 41569 | Swamp:4  | Got a decaying rune of Zot
 42110 | D:15     | Entered Level 15 of the Dungeon
 42871 | D:15     | Found a staircase to the Depths.
 42874 | D:15     | Reached skill level 10 in Polearms
 42914 | Depths:1 | Entered Level 1 of the Depths
 43449 | Depths:1 | HP: 3/187 [frost giant/bolt of cold (67)]
 43765 | D:15     | Upgraded the game from 0.31-a0-656-gb4d89c20fa to
                  | 0.31-a0-662-g684573625c
 44524 | Depths:1 | Found a blossoming altar of Fedhas.
 44608 | Depths:2 | Reached XP level 21. HP: 157/194 MP: 29/35
 44628 | Depths:1 | Learned a level 5 spell: Irradiate
 44767 | Depths:2 | Reached skill level 1 in Transmutations
 44901 | Depths:2 | Found a one-way gate leading to the halls of Pandemonium.
 45435 | Depths:2 | Identified the ring of Geuty {rC++ rN+ rCorr Int-5 Dex+6}
 45442 | Depths:2 | Identified the ring "Nawa" {Wiz Fly Will+ Slay-6 Stlth+}
 45449 | Depths:2 | Identified the ring of the Heron {Ice Dex+6 Slay-6}
 45451 | Depths:2 | Identified the ring of Sufeblemy {EV+5 Int+3}
 45822 | Depths:2 | Reached skill level 5 in Transmutations
 46292 | Depths:3 | Found a one-way gate to the infinite horrors of the Abyss.
 46513 | Depths:3 | Found a corrupted altar of Lugonu.
 46513 | Depths:3 | Found a transporter.
 46657 | Depths:3 | You are sucked into a shaft and drop 1 floor!
 46657 | Depths:4 | Entered Level 4 of the Depths
 46657 | Depths:4 | Noticed a bone dragon
 46694 | Depths:3 | Found a one-way gateway to a ziggurat.
 46712 | Depths:3 | Found a transporter.
 46721 | Depths:3 | Found Lonunnife's Assorted Antiques.
 46725 | Depths:3 | Bought a scroll of teleportation for 69 gold pieces
 46725 | Depths:3 | Bought a potion of brilliance for 92 gold pieces
 47604 | Depths:3 | Identified the ring of the Histrionic God {rPois MP+9 Str-4
                  | Int+3}
 47671 | Depths:4 | Found Veamipoi's Distillery.
 47679 | Depths:4 | Bought a potion of invisibility for 144 gold pieces
 47679 | Depths:4 | Bought a potion of enlightenment for 90 gold pieces
 47679 | Depths:4 | Bought a potion of enlightenment for 90 gold pieces
 47853 | Depths:4 | Noticed a caustic shrike
 47853 | Depths:4 | Noticed a caustic shrike
 47853 | Depths:4 | Noticed a caustic shrike
 47854 | Depths:4 | Noticed a caustic shrike
 47858 | Depths:4 | Killed a caustic shrike
 47858 | Depths:4 | Killed a caustic shrike
 47858 | Depths:4 | Killed a caustic shrike
 47858 | Depths:4 | Killed a caustic shrike
 48022 | Depths:4 | Killed a bone dragon
 48359 | Depths:4 | Found Goolates's Antique Weapon Boutique.
 48359 | Depths:4 | Found Buzovuar's Magic Scroll Shop.
 48367 | Depths:4 | Reached XP level 22. HP: 202/202 MP: 25/36
 48906 | Depths:4 | Found a gate to the Realm of Zot.
 49158 | Elf:1    | Entered Level 1 of the Elven Halls
 49285 | Elf:1    | Identified the +4 hand axe of Padwiuq {distort, Will++
                  | Dex+3}
 49343 | Elf:1    | Found a large runed translucent door.
 49343 | Elf:1    | Found a large runed translucent door.
 49347 | Elf:1    | Noticed Hushro Gotoq's ghost (adept DgHu)
 49351 | Elf:1    | Paralysed by an air elemental for 1 turns
 49471 | Elf:1    | Found a frozen archway.
 49485 | IceCv    | Entered an ice cave
 49975 | IceCv    | Found an ancient bone altar of Kikubaaqudgha.
 50571 | Elf:1    | Killed Hushro Gotoq's ghost
 50687 | Elf:1    | Found Rotsoit's Antique Armour Shop.
 51109 | Elf:2    | Paralysed by an air elemental for 1 turns
 51679 | Elf:2    | Found a runed translucent gate.
 51680 | Elf:2    | Found a runed translucent gate.
 51680 | Elf:2    | Found a runed translucent gate.
 51728 | Elf:2    | Reached XP level 23. HP: 210/210 MP: 37/37
 52439 | Elf:3    | Entered Level 3 of the Elven Halls
 52470 | Elf:3    | Paralysed by an air elemental for 1 turns
 52886 | Elf:3    | Found Erithufe's Jewellery Emporium.
 52951 | Elf:3    | Reached skill level 10 in Conjurations
 52951 | Elf:3    | Reached skill level 10 in Air Magic
 52992 | Elf:3    | Reached skill level 10 in Necromancy
 52992 | Elf:3    | Reached skill level 10 in Transmutations
 53170 | Elf:3    | Identified the +10 flail of Beogh {protect, Dex+5}
 53405 | Elf:3    | Identified the +7 short sword "Cili" {freeze, rElec rF+
                  | rCorr Dex+6}
 53644 | Elf:3    | Identified the +5 long sword of the Crushed Quests {heavy,
                  | Fragile Str+2 Dex+2}
 53761 | Elf:3    | Reached skill level 10 in Evocations
 53777 | Elf:3    | Identified the ring of Jugrav {rElec rPois rN+ AC+4}
 53969 | Elf:3    | Identified the -1 pair of gloves of Zoterad {Rampage rF+
                  | rC+}
 53987 | Elf:3    | Learned a level 2 spell: Sublimation of Blood
 54017 | Elf:3    | Got the Disquisition on the Sweltering Curse
 54042 | Elf:3    | Got Limikh's Folio of Translocation and the Blaze
 54078 | Elf:3    | Identified the staff "Yfoost" {rF+ Will+ Int-5 Dex+3 Fire}
 54499 | Vaults:1 | Entered Level 1 of the Vaults
 54555 | Vaults:1 | Found a crumbling gateway.
 54572 | Desolati | Entered the Desolation of Salt
 55030 | Desolati | Reached skill level 16 in Ice Magic
 55061 | Desolati | Reached XP level 24. HP: 87/218 MP: 37/37
 55607 | Desolati | Identified the ring of the Dolphin {rElec rF+ rN+ Dex-5}
 55615 | Desolati | Identified the +5 sling "Beastslayer" {antimagic, Contam
                  | Dex+5}
 55623 | Desolati | Identified the ring "Unish" {Fly SInv}
 55809 | Desolati | Identified the +9 battleaxe "Wumok" {holy, rF+ Will+ Str-4}
 55863 | Desolati | Got Roakeruc's Verses on Contaminated Unhallowed Acts
 55864 | Desolati | Identified the +3 ring mail "Peuthel" {Str+5 Int+3}
 55929 | Desolati | Identified the +0 plate armour "Kaolehani" {rC+ Int+4}
 56006 | Desolati | Got Sif Muna's Vellum of Familiar Filth
 56012 | Desolati | Identified the +3 chain mail of Tuescheb {-Cast Harm rC+
                  | Str+2}
 56222 | Vaults:1 | Reached skill level 17 in Ice Magic
 56926 | Vaults:1 | Reached skill level 18 in Ice Magic
 57280 | Vaults:1 | Found Vusoj's Antique Armour Shoppe.
 57287 | Vaults:1 | Bought a scorched chain mail for 304 gold pieces
 57287 | Vaults:1 | Identified the +7 chain mail "Zapraw" {+Blink rElec Will+
                  | Slay+6} (You bought it in a shop on level 1 of the Vaults)
 57557 | Vaults:1 | Reached skill level 1 in Staves
 57896 | Vaults:2 | Found a transporter.
 57908 | Vaults:2 | Found a transporter.
 57947 | Vaults:2 | Gained mutation: You are clumsy. (Dex -2) [mutagenic glow]
 57969 | Vaults:2 | Identified the +7 whip of the Desolation of Salt {heavy,
                  | Int+3}
 58334 | Vaults:2 | Learned a level 2 spell: Passwall
 59104 | Vaults:3 | Reached skill level 5 in Staves
 59222 | Vaults:3 | Reached XP level 25. HP: 209/225 MP: 30/37
 59375 | Vaults:3 | Found a staircase to the Crypt.
 59395 | Vaults:3 | Noticed Asterion
 59404 | Vaults:3 | Killed Asterion
 59405 | Vaults:3 | Reached skill level 19 in Ice Magic
 59578 | Vaults:3 | Identified the +1 battleaxe of the Growing Queen {flame,
                  | rF+ rN+ Will- Dex+4}
 59627 | Vaults:3 | Noticed Boris
 59641 | Vaults:3 | Killed Boris
 60369 | Vaults:4 | Reached skill level 15 in Armour
 60463 | Vaults:4 | Noticed Frederick
 60475 | Vaults:4 | Killed Frederick
 61202 | Vaults:5 | Entered Level 5 of the Vaults
 61202 | Vaults:5 | Noticed an ancient lich
 61216 | Vaults:5 | Killed an ancient lich
 61522 | Vaults:5 | Reached skill level 20 in Ice Magic
 61549 | Vaults:5 | Identified an amulet "Zefach" {Spirit Int+4}
 61810 | Vaults:5 | Identified the +5 scale mail of Baleful Intercession {Will+
                  | Str+2 Int+2}
 61823 | Vaults:5 | Reached XP level 26. HP: 238/238 MP: 23/37
 61853 | Vaults:5 | Noticed a dread lich
 61868 | Vaults:5 | Killed a dread lich
 61895 | Vaults:5 | Reached skill level 15 in Fighting
 61914 | Vaults:5 | Noticed a dread lich
 61942 | Vaults:5 | Killed a dread lich
 61943 | Vaults:5 | Gained mutation: You are occasionally teleported next to
                  | monsters. [mutagenic glow]
 61944 | Vaults:5 | Lost mutation: You are clumsy. (Dex -2) [potion of
                  | mutation]
 61944 | Vaults:5 | Lost mutation: You are occasionally teleported next to
                  | monsters. [potion of mutation]
 61944 | Vaults:5 | Gained mutation: You are dopey. (Int -2) [potion of
                  | mutation]
 61944 | Vaults:5 | Gained mutation: You have hidden genetic potential. [potion
                  | of mutation]
 62161 | Vaults:5 | Identified the +4 longbow "Doohaef" {freeze, MP+9 Str+2
                  | Dex+2}
 62580 | Vaults:5 | Reached skill level 1 in Translocations
 62897 | Vaults:5 | Got a silver rune of Zot
 62902 | Vaults:5 | Identified the +0 chain mail "Pemoduno" {MP+9 Str+3}
 63525 | Zot:1    | Entered Level 1 of the Realm of Zot
 63995 | Zot:1    | Noticed an orb of fire
 64073 | Zot:1    | Noticed an orb of fire
 64080 | Zot:1    | Killed an orb of fire
 64644 | Zot:2    | Identified the +1 robe of the Golden God {Harm}
 64915 | Zot:4    | Found the +4 dragonskin cloak
 64915 | Zot:4    | Noticed Tiamat
 65803 | Zot:4    | Reached XP level 27. HP: 229/255 MP: 18/39
 65823 | Zot:4    | Killed Tiamat
 65824 | Zot:4    | Reached skill level 21 in Ice Magic
 66855 | Slime:1  | Entered Level 1 of the Pits of Slime
 66893 | Slime:1  | Gained mutation: You expend magic power (3 MP) to
                  | strengthen your wands. [hidden potential]
 66986 | Slime:3  | Gained mutation: You occasionally lose the ability to read
                  | scrolls when taking damage. [a shining eye]
 67416 | Slime:5  | Entered Level 5 of the Pits of Slime
 67416 | Slime:5  | Found the +8 Wrath of Trog {antimagic, *Rage Rampage}
 67416 | Slime:5  | Found the +10 dark maul {heavy}
 67612 | Slime:5  | Found a viscous altar of Jiyva.
 67638 | Slime:5  | Noticed the Royal Jelly
 67649 | Slime:5  | Killed the Royal Jelly
 67791 | Slime:5  | Got a slimy rune of Zot
 67821 | Slime:5  | Identified the +0 robe "Ihinoa" {Rampage Drain rN+ Str+5
                  | Archmagi}
 67839 | Slime:5  | Identified the +0 ring mail of Sorcery {-Tele +Inv rPois
                  | rCorr Slay+4}
 67853 | Slime:5  | Identified the staff of the Modern Artisans {rC+ Stlth+
                  | Ice}
 67891 | Slime:5  | Identified the +1 ring mail of the Armadillo {-Tele rElec
                  | rPois Slay+2}
 68302 | Crypt:1  | Entered Level 1 of the Crypt
 68524 | Crypt:1  | Identified the +5 plate armour "Fudghior" {+Blink Will+
                  | SInv}
 68641 | Crypt:1  | Learned a level 8 spell: Borgnjor's Revivification
 69072 | Crypt:1  | Identified the ring of Fefrasif {Ice rPois Dex+2}
 69072 | Crypt:1  | Noticed Josephina
 69091 | Crypt:1  | Killed Josephina
 70130 | Crypt:2  | Reached skill level 15 in Necromancy
 70258 | Crypt:2  | Found a basalt altar of Yredelemnul.
 70376 | Crypt:2  | Learned a level 4 spell: Dispel Undead
 70391 | Crypt:3  | Entered Level 3 of the Crypt
 70899 | Crypt:3  | Found a staircase to the Tomb.
 71436 | Crypt:3  | Noticed an ancient lich
 71449 | Crypt:3  | Noticed a dread lich
 71452 | Crypt:3  | Killed an ancient lich
 71455 | Crypt:3  | Killed a dread lich
 71471 | Crypt:3  | Gained mutation: Your natural rate of healing is unusually
                  | fast. [hidden potential]
 71471 | Crypt:3  | Lost mutation: You have hidden genetic potential. [hidden
                  | potential expressed]
 71482 | Crypt:3  | Identified the ring "Asyrgh" {+Blink rPois Str-5 Dex+6
                  | Stlth+}
 71490 | Crypt:3  | Got A Beginning Course on Spellweaving
 71767 | Hell     | Entered the Vestibule of Hell
 71767 | Hell     | Noticed Geryon
 71787 | Hell     | Killed Geryon
 72163 | Hell     | Found a gateway to the ashen valley of Gehenna.
 72667 | Hell     | Found a gateway to the decaying netherworld of Tartarus.
 72780 | Hell     | Found a gateway to the freezing wastes of Cocytus.
 72935 | Hell     | Found a gateway to the Iron City of Dis.
 73202 | Depths:3 | Voluntarily entered the Abyss.
 73204 | Abyss:1  | Found a corrupted altar of Lugonu.
 73236 | Abyss:1  | Found a corrupted altar of Lugonu.
 73420 | Abyss:1  | Found a corrupted altar of Lugonu.
 73435 | Abyss:2  | Found a corrupted altar of Lugonu.
 73498 | Abyss:2  | Found a corrupted altar of Lugonu.
 73498 | Abyss:2  | Found a corrupted altar of Lugonu.
 73498 | Abyss:2  | Found a corrupted altar of Lugonu.
 73551 | Abyss:2  | Found a corrupted altar of Lugonu.
 73665 | Abyss:2  | Found a corrupted altar of Lugonu.
 73769 | Abyss:2  | Gained mutation: You have hidden genetic defects. [a
                  | neqoxec]
 73908 | Abyss:2  | Lost mutation: You occasionally lose the ability to read
                  | scrolls when taking damage. [potion of mutation]
 73908 | Abyss:2  | Lost mutation: You are dopey. (Int -2) [potion of mutation]
 73908 | Abyss:2  | Gained mutation: You have terrible hidden genetic defects.
                  | [potion of mutation]
 73908 | Abyss:2  | Gained mutation: You are partially covered in iridescent
                  | scales. (AC +2) [potion of mutation]
 73908 | Abyss:2  | Lost mutation: You have terrible hidden genetic defects.
                  | [potion of mutation]
 74144 | Abyss:3  | Found a corrupted altar of Lugonu.
 74158 | Abyss:3  | Got an abyssal rune of Zot
 74162 | Depths:3 | Escaped the Abyss
 74357 | Zot:2    | Gained mutation: You are clumsy. (Dex -2) [hidden defects]
 75065 | Zot:4    | Reached skill level 22 in Ice Magic
 75191 | Zot:5    | Entered Level 5 of the Realm of Zot
 75273 | Zot:5    | Gained mutation: Your magical capacity is low. (-10% MP)
                  | [hidden defects]
 75273 | Zot:5    | Lost mutation: You have hidden genetic defects. [hidden
                  | defects expressed]
 75387 | Zot:5    | Noticed an ancient lich
 75413 | Zot:5    | Noticed a dread lich
 75418 | Zot:5    | Killed a dread lich
 75419 | Zot:5    | Noticed a dread lich
 75422 | Zot:5    | Killed a dread lich
 75469 | Zot:5    | Killed an ancient lich
 75610 | Zot:5    | Noticed an orb of fire
 75614 | Zot:5    | Gained mutation: You occasionally shout uncontrollably at
                  | your foes. [an orb of fire]
 75617 | Zot:5    | Gained mutation: Your body sometimes deteriorates upon
                  | taking damage. [an orb of fire]
 75618 | Zot:5    | Killed an orb of fire
 75804 | Zot:5    | Noticed an ancient lich
 75807 | Zot:5    | Noticed an orb of fire
 75812 | Zot:5    | Killed an ancient lich
 75813 | Zot:5    | Reached skill level 15 in Spellcasting
 75818 | Zot:5    | Gained mutation: Your tail ends in a venomous barb. [an orb
                  | of fire]
 75819 | Zot:5    | Killed an orb of fire
 75947 | Zot:5    | Noticed an ancient lich
 75954 | Zot:5    | Killed an ancient lich
 76079 | Zot:5    | Noticed a dread lich
 76108 | Zot:5    | Killed a dread lich
 76200 | Zot:5    | Noticed an ancient lich
 76200 | Zot:5    | Noticed an ancient lich
 76202 | Zot:5    | Killed an ancient lich
 76203 | Zot:5    | Reached skill level 23 in Ice Magic
 76208 | Zot:5    | Killed an ancient lich
 76216 | Zot:5    | Noticed an orb of fire
 76231 | Zot:5    | Killed an orb of fire
 76289 | Zot:5    | Got the Orb of Zot
 76335 | Zot:5    | Noticed an ancient lich
 76341 | Zot:5    | Killed an ancient lich
 76374 | Zot:3    | Noticed a seraph
 76376 | Zot:3    | Identified the +8 tower shield of the Grue {*Slow Will++
                  | Int+5}
 76548 | D:15     | Gained mutation: You are weak. (Str -2) [a cacodemon]
 76848 | D:5      | Noticed Jaupnag the pandemonium lord
 76931 | D:1      | Noticed Socutovu the pandemonium lord
 76941 | D:$      | Escaped with the Orb!

Illustrated notes

Levels and vault maps discovered:
D:1:      lightli_molten_gateway, layout_basic
D:2:      layout_loops_corners, minmay_indecisive_spiral
D:3:      layout_basic, nemelex_spade_bored_becter,
          shapermc_ecumenical_altar_notcrosses
D:4:      layout_basic, okawaru_metal_pillars_1_2,
          chequers_temple_overflow_statue_of_worship, temple_green,
          minmay_quantized, uniq_ijyb
D:5:      layout_cave_pools, nicolae_kikubaaqudgha_miasma_corner,
          minmay_stone_trees_small, minivault_26,
          nicolae_concentric_dashed_squares_wild
D:6:      layout_loops_corners, tgw_sif, nicolae_ru_awakened_eye, serial_shops,
          nicolae_shop_behind_doors, mrwooster_statue_mirror,
          nicolae_figureground_sparkle
D:7:      layout_basic, mainiacjoe_overflow_alcove_2,
          nicolae_twisty_statue_hallways
D:8:      layout_basic, serial_curves, eino_curves_03, eino_curves_04,
          hangedman_decor_lopped, kennysheep_generic_room_4
D:9:      lemuel_castle_with_subvaults [lemuel_castle_interior_carwin_2],
          layout_irregular_city, nicolae_diode_intersection
D:10:     hellmonk_crumbling_castle, layout_rooms, enter_bailey_2,
          ebering_ghost_rock_garden
D:11:     layout_roguey, hellmonk_lair_entry_icy
D:12:     nicolae_cairo_tiling_very_big, layout_rooms,
          minmay_orc_entry_temple_small, uniq_psyche, uniq_sonja, uniq_azrael
D:13:     layout_basic, david_vaults_3
D:14:     layout_loops_ring, gammafunk_ghost_necromancy,
          hangedman_decor_clover_reticule
D:15:     gammafunk_enter_depths_forms, layout_basic,
          hangedman_abyss_or_decor_jellyfish_corner
Temple:   nicolae_temple_bog_church
Lair:1:   layout_roguey, beast_lair_carwin_10, grunt_megastairs_4
Lair:2:   layout_regular_city, nicolae_spider_entry_lesser_pyramids,
          nicolae_lair_lil_pond, grunt_megastairs_5,
          infiniplex_staircase_pool_2, uniq_gastronok
Lair:3:   layout_regular_city, swamp_mist, ebering_ghost_rock_garden
Lair:4:   statuecave_lemuel, layout_regular_city,
          nicolae_slime_entry_field_trip, serial_bayou_shore_a
Lair:5:   evil_forest, layout_hall_layers, nicolae_quartered_pool_super
Swamp:1:  layout_falls_marsh, evilmike_swamp_ruin_rubble_1, uniq_aizul
Swamp:2:  layout_falls_marsh, nicolae_swamp_dense_foliage, uniq_nikola
Swamp:3:  layout_falls_marsh, hangedman_swamp_cone, nicolae_swamp_no_escape,
          uniq_jorgrun, uniq_kirke
Swamp:4:  swamp_basic_johnstein, layout_basic_swamp, swamp_pool5, uniq_louise
Spider:1: layout_spider_delve, nicolae_spider_shape, uniq_agnes
Spider:2: layout_spider_delve, nicolae_spider_undead_wolf_pack, uniq_mlioglotl
Spider:3: layout_chambers, hive_lemuel
Spider:4: grunt_spider_rune_parallel
Slime:1:  layout_caves, nicolae_slime_barrier
Slime:2:  layout_caves, cheibrodos_slime_lost_civilization_5
Slime:3:  layout_caves, nicolae_slime_phagocytosis
Slime:4:  layout_caves
Slime:5:  slime_pit_nicolae_jellycorners
Orc:1:    layout_caves, nicolae_volcano_entry_hallway,
          gammafunk_ghost_berserking_beasts, mines1_david
Orc:2:    st_orc_rangers, layout_diamond_mine, serial_shops,
          nicolae_shop_dealshenge, mines2_david, uniq_erolcha, uniq_rupert
Elf:1:    nicolae_elf_arrival_no_cutting_in_line, layout_loops_corners,
          ebering_ghost_disaster_area, portal_ice_cave_entry_ugly_swarm,
          serial_shops, shop, hangedman_elf_represent
Elf:2:    nicolae_elf_blades_splatter_lattice
          [nicolae_blade_entry_diamond_columns], layout_geoelf_diagonals
Elf:3:    minmay_elf_hall_furrowed, layout_loops_cross, serial_shops, shop,
          minmay_misc_feat_five
Vaults:1: portal_desolation_entry_garden, nicolae_vaults_little_ls,
          nicolae_vaults_tetromino_T_2, nicolae_vaults_closet_pinwheel_4,
          nicolae_vaults_sightless_eye, nicolae_vaults_offset_grid_hallway_1,
          v_misc_30, v_pattern_3, ontoclasm_vaults_eye, layout_vaults_omnigrid,
          serial_shops, nicolae_shop_statue_plus
Vaults:2: nicolae_vaults_bisected_exclaves, gammafunk_sealed_arena, v_misc_25,
          nicolae_vaults_tangram_1, nicolae_vaults_double_plus_2,
          vaults_room_fours, nicolae_vaults_specimen_jars,
          nicolae_vaults_six-pack, hangedman_vaults_river_flow,
          ontoclasm_vaults_decontamination, nicolae_vaults_theta,
          nicolae_vaults_twisting_passages, layout_vaults_omnicross
Vaults:3: minmay_crypt_entry_simple_box, nicolae_vaults_wine_cellar,
          nicolae_vaults_puzzle_piece, nicolae_vaults_three_branches,
          vaults_room_fancy_cross, nicolae_vaults_puzzle_piece,
          nicolae_vaults_double_plus_2, nicolae_vaults_octothorpe,
          vaults_room_fours, vaults_dpeg_encased_lava, hangedman_vaults_maws,
          layout_vaults_maze, uniq_asterion, uniq_boris
Vaults:4: nicolae_vaults_little_squares_4, nicolae_vaults_house_3,
          grunt_vaults_hallway_short, grunt_vaults_hallway_long, v_misc_15,
          grunt_vaults_swirl, vaults_mumra_minichess, grunt_vaults_diagonal,
          vaults_room_fours, nicolae_vaults_storage_closets_1,
          nicolae_vaults_network_periphery,
          nicolae_vaults_windows_and_doors_thing, nicolae_vaults_apartment_1,
          layout_vaults_omnibox, uniq_frederick
Vaults:5: serial_shops
Crypt:1:  layout_misc_corridors, st_stairs_10, grunt_ministairs_9,
          chequers_big_river, st_vampire_maze, uniq_josephina
Crypt:2:  layout_chaotic_city, lemuel_mausoleum_altar_yredelemnul
Crypt:3:  david_glass_crypt, layout_misc_corridors,
          tomb_entry_forgotten_bobbens, wad_floor_pattern_1, grunt_megastairs_2
Depths:1: layout_cave_pools, hellmouth_3, fedhas_altar_fruit_tree
Depths:2: minmay_the_grid_triangle_9x9_line_8_mashed
          [minmay_the_grid_triangle_9x9_from_above,
          minmay_the_grid_triangle_9x9_thin_v,
          minmay_the_grid_triangle_9x9_steps,
          minmay_the_grid_triangle_9x9_corrupted_corridor,
          minmay_the_grid_triangle_9x9_longest,
          minmay_the_grid_triangle_9x9_swiss_cheese,
          minmay_the_grid_triangle_9x9_descending_squares,
          minmay_the_grid_triangle_9x9_prize_special], layout_twisted_cross,
          rand_demon_pan_entry_3, hell_entry, serial_bayou_pond_e,
          hex_subvault_bell
Depths:3: gammafunk_corrupted_shrine, layout_honeycomb, enter_ziggurat_b,
          kennysheep_donut, hell_entry, abyss_entry_small_statue_room,
          serial_shops, shop, nicolae_figureground_pulse
Depths:4: evilmike_zot_entry_basic, layout_gridlike, kennysheep_crisscross,
          hell_entry, serial_shops, shop, nicolae_houndstooth_variations,
          minmay_shoptagon
Hell
Zot:1:    minmay_elemental_castle, layout_cathedral_of_symmetry,
          grunt_megastairs_1
Zot:2:    layout_gridlike, hangedman_spider_trapstep
Zot:3:    layout_misc_corridors, hangedman_zot_decor_slant
Zot:4:    layout_onion, uniq_tiamat
Zot:5:    layout_misc_corridors, nicolae_lava_and_water

Skill      XL: |  1  2  3  4  5  6  7  8  9 10 11 12 13 14 15 16 17 18 19 20 21 22 23 24 25 26 27 |
---------------+----------------------------------------------------------------------------------+-----
Stealth        | 4 5 6 7 10 | 10.0
Ice Magic      | 5 6 7 9 11 12 13 14 15 16 18 20 23 | 23.4
Summonings     | 4 5 7 |  7.0
Spellcasting   | 3 5 6 10 12 15 | 15.0
Fighting       | 2 6 8 10 11 12 13 14 16 17 | 17.9
Dodging        | 2 4 7 10 | 10.0
Invocations    | 4 6 7 8 9 12 | 12.0
Conjurations   | 4 6 7 9 11 12 | 12.0
Air Magic      | 4 6 7 9 10 | 10.0
Evocations     | 4 6 8 10 | 10.0
Armour         | 5 6 7 9 12 13 14 16 | 16.1
Necromancy     | 7 8 12 22 | 22.4
Shields        | 1 5 |  5.0
Polearms       | 7 11 13 14 | 14.0
Transmutations | 7 9 10 | 10.0
Staves         | 5 8 |  8.0
Translocations | 3 |  3.0

Action                     |  1- 3 |  4- 6 |  7- 9 | 10-12 | 13-15 | 16-18 | 19-21 | 22-24 | 25-27 || total
---------------------------+-------+-------+-------+-------+-------+-------+-------+-------+-------++-------
  Melee: Club              |     5 |       |       |       |       |       |       |       |       ||     5
         Spear             |    34 |       |       |       |       |       |       |       |       ||    34
         Whip              |    11 |    47 |   103 |   192 |   262 |   417 |     6 |       |       ||  1038
         Punch             |       |     1 |     3 |     3 |       |       |       |       |       ||     7
         Constrict         |       |       |       |       |    87 |   106 |    67 |   215 |   233 ||   708
         Demon trident     |       |       |       |       |       |       |   585 |  1190 |  1711 ||  3486
         Staff             |       |       |       |       |       |       |       |   138 |   284 ||   422
  Throw: Dart              |       |       |       |     1 |       |       |       |       |       ||     1
   Cast: Freeze            |    22 |    21 |    56 |   105 |    97 |    86 |       |       |       ||   387
         Frozen Ramparts   |     5 |     8 |    15 |    39 |    39 |    63 |    22 |    35 |    10 ||   236
         Ozocubu's Armour  |       |     5 |    20 |    62 |    66 |    75 |    53 |    66 |   102 ||   449
         Summon Ice Beast  |       |       |     6 |    72 |    44 |    30 |    14 |     3 |    19 ||   188
         Freezing Cloud    |       |       |       |    22 |    84 |    67 |    12 |    43 |    65 ||   293
         Stone Arrow       |       |       |       |    13 |    33 |    41 |     5 |    23 |    11 ||   126
         Ozocubu's Refrige |       |       |       |       |     1 |    93 |    85 |   125 |   180 ||   484
         Simulacrum        |       |       |       |       |       |    15 |   122 |    44 |   208 ||   389
         Irradiate         |       |       |       |       |       |       |     8 |    32 |    32 ||    72
         Sublimation of Bl |       |       |       |       |       |       |       |    15 |    62 ||    77
         Apportation       |       |       |       |       |       |       |       |       |    19 ||    19
         Dispel Undead     |       |       |       |       |       |       |       |       |    45 ||    45
 Invoke: Bend Time         |       |       |       |     1 |     1 |     1 |       |       |     3 ||     6
         Temporal Distorti |       |       |       |     1 |     1 |       |     1 |       |     5 ||     8
         Slouch            |       |       |       |       |       |     2 |     9 |     7 |    13 ||    31
         Step From Time    |       |       |       |       |       |       |       |       |     2 ||     2
Ability: Spit Poison       |    15 |    13 |    14 |    23 |     3 |     1 |       |     1 |       ||    70
         Evoke Blink       |       |       |       |       |       |       |       |       |     1 ||     1
  Evoke: Wand              |       |       |     3 |     6 |    11 |     7 |     8 |     2 |    32 ||    69
         Phial of floods   |       |       |       |       |       |       |     1 |       |       ||     1
         Lightning rod     |       |       |       |       |       |       |     6 |       |     2 ||     8
         Sack of spiders   |       |       |       |       |       |       |     1 |       |     3 ||     4
         Phantom mirror    |       |       |       |       |       |       |       |       |     3 ||     3
         Condenser vane    |       |       |       |       |       |       |       |       |     2 ||     2
    Use: Scroll            |     3 |     3 |     8 |     7 |     7 |     7 |    17 |     3 |    12 ||    67
         Potion            |       |       |     3 |       |     5 |     5 |     4 |     1 |    13 ||    31
   Stab: Sleeping          |     8 |     3 |     8 |     1 |     3 |     7 |    10 |    24 |    13 ||    77
         Distracted        |       |       |       |     5 |     2 |     8 |     9 |     6 |    21 ||    51
 Armour: Robe              |    16 |    29 |    76 |   147 |   121 |   191 |    47 |       |       ||   627
         Skin              |       |       |     5 |       |       |       |       |       |       ||     5
         Chain mail        |       |       |       |       |       |     4 |   164 |   221 |  2076 ||  2465
         Scale mail        |       |       |       |       |       |     2 |   407 |   828 |       ||  1237
         Ring mail         |       |       |       |       |       |     2 |       |       |       ||     2
  Dodge: Dodged            |    17 |    29 |    90 |   205 |   402 |   659 |   529 |   650 |  1025 ||  3606
  Block: Buckler           |       |       |       |    18 |   106 |   387 |       |       |       ||   511
         Reflection        |       |       |       |       |       |    25 |     6 |    10 |       ||    41
         Orb               |       |       |       |       |       |     1 |   148 |   109 |       ||   258

Table legend: (Time is in decaauts)
 A = Elapsed time spent in this place.
 B = Non-inter-level travel time spent in this place.
 C = Inter-level travel time spent in this place.
 D = Time resting spent in this place.
 E = Time spent auto-exploring this place.
 F = Levels seen in this place.
 G = Mean time per level.
                   A        B        C        D        E       F      G
               +--------+--------+--------+--------+--------+-----+--------+
         Total | 140481 | 116073 |  24408 |  23997 |      0 |  64 | 2195.0 |
       Dungeon |  36783 |  30245 |   6538 |   6255 |      0 |  15 | 2452.2 |
        Temple |     18 |     18 |      0 |      0 |      0 |   1 |   18.0 |
          Lair |  14866 |  12292 |   2574 |   3422 |      0 |   5 | 2973.2 |
         Swamp |   5331 |   4455 |    876 |    381 |      0 |   4 | 1332.8 |
   Spider Nest |  14429 |  12554 |   1875 |   4179 |      0 |   4 | 3607.2 |
    Slime Pits |   2124 |   1864 |    260 |    298 |      0 |   5 |  424.8 |
  Orcish Mines |   5523 |   4398 |   1125 |   1055 |      0 |   2 | 2761.5 |
   Elven Halls |   7469 |   6023 |   1446 |   1076 |      0 |   3 | 2489.7 |
        Vaults |  16091 |  11804 |   4287 |   1327 |      0 |   5 | 3218.2 |
         Crypt |   6737 |   5653 |   1084 |    575 |      0 |   3 | 2245.7 |
        Depths |  12547 |   9248 |   3299 |   1819 |      0 |   4 | 3136.8 |
          Hell |   1530 |   1393 |    137 |    177 |      0 |   1 | 1530.0 |
           Zot |   9250 |   8347 |    903 |   1383 |      0 |   5 | 1850.0 |
         Abyss |   1780 |   1780 |      0 |     74 |      0 |   3 |  593.3 |
        Bailey |    973 |    973 |      0 |    407 |      0 |   1 |  973.0 |
      Ice Cave |   1527 |   1527 |      0 |    354 |      0 |   1 | 1527.0 |
       Volcano |   1143 |   1143 |      0 |    501 |      0 |   1 | 1143.0 |
    Desolation |   2352 |   2352 |      0 |    708 |      0 |   1 | 2352.0 |
               +--------+--------+--------+--------+--------+-----+--------+

Top non-repeatable levels by time:
     D:9: 5788 daAuts
Spider:3: 4132 daAuts
Vaults:1: 4092 daAuts
Spider:2: 4023 daAuts
    D:13: 3906 daAuts
  Lair:5: 3891 daAuts
Depths:3: 3871 daAuts
Vaults:4: 3711 daAuts
Vaults:5: 3533 daAuts
Depths:2: 3448 daAuts
    D:15: 3292 daAuts
  Lair:2: 3233 daAuts
Spider:1: 3153 daAuts
Spider:4: 3120 daAuts
   Orc:2: 3063 daAuts
